 Dungeon Crawl Stone Soup version 0.27.0-1-g7a089689b8 (webtiles) character file.

Game seed: 11801906889253201119

43 sanka the Ducker (level 3, -6/19 (20) HPs)
             Began as a Spriggan Abyssal Knight on Aug 14, 2021.
             Was a Believer of Lugonu.
             Mangled by Robin (7 damage)
             ... on level 2 of the Dungeon.
             The game lasted 00:03:00 (1853 turns).

sanka the Ducker (Spriggan Abyssal Knight)          Turns: 1853, Time: 00:03:00

HP:   -6/19 (20)    AC:  2    Str:  8    XL:     3   Next: 37%
MP:   5/5           EV: 19    Int: 13    God:    Lugonu [**....]
Gold: 22            SH:  0    Dex: 15    Spells: 2/2 levels left

rFire    . . .     SeeInvis +   j - +1 dagger (drain)
rCold    + . .     Faith    .   (shield restricted)
rNeg     . . .     Spirit   .   b - +0 robe
rPois    .         Reflect  .   (helmet restricted)
rElec    .         Harm     .   (no cloak)
rCorr    .         Rampage  .   (gloves unavailable)
Will     .....                  (boots unavailable)
Stlth    +.........             (no amulet)
HPRegen  0.06/turn              (no ring)
MPRegen  0.09/turn              e - ring of protection from cold

@: very slightly contaminated, drained, invisible, very quick
A: very small, no large weapons, unfitting armour, see invisible, speed 3
a: Renounce Religion, Depart the Abyss, Bend Space


You were on level 2 of the Dungeon.
You worshipped Lugonu.
Lugonu was pleased with you.
You visited 1 branch of the dungeon, and saw 2 of its levels.
You visited the Abyss 1 time.

You collected 22 gold pieces.


Innate Abilities, Weirdness & Mutations

You are very small and have problems with some larger weapons.
You are too small for most types of armour.
You have supernaturally acute eyesight. (SInv)
You cover ground extremely quickly. (Speed+++)


   Skills:
 - Level 3.0 Fighting
 - Level 2.1 Short Blades
 + Level 4.7 Dodging
 - Level 1.7 Invocations


You had 2 spell levels left.
You didn't know any spells.
Your spell library was empty.

Inventory:

Hand Weapons
 a - a +1 short sword
 j - a +1 dagger of draining (weapon)
Armour
 b - a +0 robe (worn)
Jewellery
 e - a ring of protection from cold (right hand)
Scrolls
 c - a scroll of brand weapon {unknown}
 g - a scroll of identify {unknown}
 h - a scroll of noise {unknown}
Potions
 d - a potion of magic {unknown}
 f - a potion of flight {unknown}

Dungeon Overview and Level Annotations

Branches:
Dungeon (2/15)

Altars:

Annotations:
D:2 Robin

▒....Pf.♣ ▒▒▒▒▒.▒▒
▒....Pf♣♣ ▒..<▒
▒▒..▒.♣♣ ▒.▒▒▒ ▒▒▒▒♣♣
▒g▒ ▒.▒ ▒.▒
▒▒▒▒▒▒▒▒▒▒ ▒▒▒▒▒▒▒.▒
▒.......g▒▒▒▒..g....▒
▒......i.†....▒▒▒▒▒▒▒
▒▒..†....▒▒▒▒▒▒
▒▒▒...▒▒▒ ▒...▒ ▒▒▒▒▒


You could see Robin.


Message History

You hit the dart slug.
You kill the dart slug!
Lugonu accepts your kill. The hobgoblin hits you.
* * * LOW HITPOINT WARNING * * *
Robin roars a battlecry!
The hobgoblin goes into a battle-frenzy!
You see here a dart slug corpse.
The hobgoblin completely misses you.
It was a potion of invisibility.
You fade into invisibility!
You are very lightly contaminated with residual magic.
You hit the hobgoblin.
The hobgoblin is lightly wounded.
You closely miss the hobgoblin.
The hobgoblin is lightly wounded.
The hobgoblin barely misses you.
You strike the helpless hobgoblin from behind!
You puncture the hobgoblin!
You kill the hobgoblin!
Lugonu accepts your kill. Robin closely misses you.
You hit Robin.
Robin is heavily wounded.
Robin seems less drained.
Robin misses you.
You completely miss Robin.
Robin is heavily wounded.
Robin hits you with a +4 whip of electrocution!
You die...

Action                   || total
-------------------------++-------
Melee: Short sword       ||   126
       Dagger            ||    10
  Use: Potion            ||     1
 Stab: Invisible         ||     1
Armor: Robe              ||    21
Dodge: Dodged            ||   125

Levels and vault maps discovered:
D:1:      dpeg_arrival_tiny_b, layout_rooms
D:2:      layout_loops_cross, hellmonk_ecumenical_altar_arch_garden,
          uniq_crazy_yiuf_cottage, uniq_sigmund, uniq_robin

Notes
Turn   | Place    | Note
-------+----------+-------------------------------------------
     0 | Abyss:1  | sanka the Spriggan Abyssal Knight began the quest for the
                  | Orb.
     0 | Abyss:1  | Reached XP level 1. HP: 11/11 MP: 3/3
     7 | Abyss:1  | Found a sacrificial altar of Ru.
    72 | Abyss:1  | Noticed a small abomination
    77 | Abyss:1  | Found a sacrificial altar of Ru.
   103 | D:1      | Escaped the Abyss
   328 | D:1      | Reached XP level 2. HP: 16/16 MP: 4/4
   338 | D:1      | Reached skill level 3 in Fighting
   988 | D:1      | Reached skill level 4 in Dodging
  1084 | D:1      | Reached ** piety under Lugonu
  1261 | D:2      | Noticed Robin
  1357 | D:1      | Reached XP level 3. HP: 19/20 MP: 5/5
  1820 | D:2      | HP: 1/19 [Robin (11)]
  1839 | D:2      | HP: 1/19 [hobgoblin (1)]
  1853 | D:2      | Mangled by Robin

Vanquished Creatures
  A dart slug (D:2)
  4 ball pythons (D:1)
  2 endoplasms (D:1)
  2 giant cockroaches (D:1)
  10 goblins
  8 hobgoblins
  4 bats (D:1)
  A frilled lizard (D:1)
  A kobold (D:1)
  A rat (D:1)
34 creatures vanquished.
